 Dungeon Crawl Stone Soup version 0.25.0-3-gd7cc5688da (webtiles) character file.

Game seed: 17517240669619416570

442 Froggeryz the Cudgeler (level 7, -2/41 HPs)
             Began as a Gargoyle Fighter on June 15, 2020.
             Slain by Menkaure (13 damage)
             ... on level 4 of the Dungeon.
             The game lasted 00:03:41 (3286 turns).

Froggeryz the Cudgeler (Gargoyle Fighter)           Turns: 3286, Time: 00:03:42

Health: -2/41      AC: 18    Str: 21    XL:     7   Next: 2%
Magic:  7/7        EV:  7    Int:  9    God:
Gold:   168        SH: 10    Dex: 11    Spells: 6/6 levels left

rFire    . . .     SeeInvis .   a - +0 flail
rCold    . . .     Gourm    .   c - +0 kite shield
rNeg     + + .     Faith    .   b - +0 scale mail
rPois    ∞         Spirit   .   i - +0 helmet
rElec    +         Reflect  .   u - +0 cloak
rCorr    .         Harm     .   p - +2 pair of gloves
MR       .....                  v - +0 pair of boots (curse)
Stlth    ..........             (no amulet)
HPRegen  0.13/turn              j - ring of positive energy
MPRegen  0.10/turn              (no ring)

@: no status effects
A: hooves 1, agile 1, negative energy resistance 1, electricity resistance,
unbreathing, petrification resistance, rot immunity, AC +4
a: no special abilities


You were on level 4 of the Dungeon.
You were near starving.

You visited 1 branch of the dungeon, and saw 4 of its levels.

You collected 168 gold pieces.

Inventory:

Hand Weapons
 a - a +0 flail (weapon)
Armour
 b - a +0 scale mail (worn)
 c - a +0 kite shield (worn)
 i - a +0 helmet (worn)
 p - a +2 pair of gloves (worn)
 u - a +0 cloak (worn)
 v - a cursed +0 pair of boots (worn)
Jewellery
 j - a ring of positive energy (left hand)
Scrolls
 e - 2 scrolls of enchant armour {unknown}
 h - 2 scrolls of magic mapping {unknown}
 l - 5 scrolls of identify {unknown}
 n - a scroll of remove curse {unknown}
 q - a scroll of blinking {unknown}
 r - a scroll of immolation {unknown}
 s - a scroll of teleportation {unknown}
 w - a scroll of amnesia {unknown}
Potions
 d - a potion of might
 k - a potion of haste {unknown}
 m - a potion of curing {unknown}
 o - a potion of heal wounds {unknown}
 t - a potion of invisibility {unknown}
Comestibles
 f - 7 rations


   Skills:
 - Level 3.2 Fighting
 * Level 6.0 Maces & Flails
 - Level 3.2 Armour
 + Level 5.5 Shields


You had 6 spell levels left.
You didn't know any spells.
Your spell library was empty.

Dungeon Overview and Level Annotations

Branches:
Dungeon (4/15)
 Temple: D:4-7

Altars:
Ashenzari
Makhleb
Uskayaw
Zin

Annotations:
D:4 Menkaure


Innate Abilities, Weirdness & Mutations

You are resistant to torment.
Your stone body is resilient. (AC +4)
You are immune to poison.
You resist negative energy. (rN+)
You are resistant to electric shocks. (rElec)
You can survive without breathing.
You are immune to petrification.
You are immune to rotting.
You have large cloven feet.
You are agile. (Dex +2)


Message History

Your shield and scale mail prevent you from hitting Menkaure.
Menkaure barely misses you. Menkaure hits you!
You are too injured to fight recklessly!
You are too injured to fight recklessly!
You hit Menkaure.
Menkaure is lightly damaged.
Menkaure hits you but does no damage.
You sock Menkaure!
Menkaure is heavily damaged.
Menkaure calls on the powers of darkness!
Your body is wracked with pain!
* * * LOW HITPOINT WARNING * * *
Menkaure calls on the powers of darkness!
Your body is wracked with pain!
* * * LOW HITPOINT WARNING * * *
Unknown command.
It was a potion of mutation.
You feel extremely strange.
Your feet thicken and deform.
You feel agile. Menkaure hits you!
You die...

..... ... ... ... #.# #.# #.# #.#
#.# #.# #.# ##M## ..# #.# ##.@.##
#.# #.### ##.....## ### [.#
#.#.## ##.......######.###.#
####....####................##.#
.....(.....+.................#.#
####....####.........####...##.##
#.#.## ##..).....# ###.......
#.### ##.....#.# #..))...## #.###
##...##.###.#.)####


You could see Menkaure (fast).

Vanquished Creatures
  A phantom (D:4)
  A scorpion (D:4)
  2 orc priests (D:4)
  3 orc wizards (D:4)
  A centaur skeleton (D:4)
  2 adders (D:2)
  4 dart slugs
  2 worms
  7 leopard geckos
  11 orcs
  3 ball pythons
  3 giant cockroaches
  8 goblins
  13 hobgoblins
  9 jackals
  A quokka (D:3)
  5 bats
  2 frilled lizards
  9 kobolds
  5 rats
92 creatures vanquished.

Notes
Turn   | Place    | Note
-------+----------+-------------------------------------------
     0 | D:1      | Froggeryz the Gargoyle Fighter began the quest for the Orb.
     0 | D:1      | Reached XP level 1. HP: 14/14 MP: 1/1
   115 | D:1      | Reached XP level 2. HP: 19/19 MP: 2/2
   547 | D:1      | Reached skill level 3 in Maces & Flails
   547 | D:1      | Reached XP level 3. HP: 16/23 MP: 3/3
  1025 | D:2      | Reached XP level 4. HP: 27/28 MP: 4/4
  1244 | D:2      | Found a shattered altar of Ashenzari.
  1556 | D:2      | Reached skill level 4 in Maces & Flails
  2117 | D:3      | Reached XP level 5. HP: 32/32 MP: 5/5
  2139 | D:3      | Found a hide-covered altar of Uskayaw.
  2567 | D:4      | Noticed a phantom
  2601 | D:4      | Killed a phantom
  2625 | D:4      | Reached skill level 5 in Maces & Flails
  2625 | D:4      | Reached XP level 6. HP: 28/37 MP: 6/6
  2708 | D:4      | Reached skill level 5 in Shields
  3071 | D:4      | Found a burning altar of Makhleb.
  3076 | D:4      | Found a glowing silver altar of Zin.
  3076 | D:4      | Noticed an angel
  3077 | D:4      | Noticed a green death
  3214 | D:4      | Reached skill level 6 in Maces & Flails
  3214 | D:4      | Reached XP level 7. HP: 40/41 MP: 7/7
  3250 | D:4      | Noticed Menkaure
  3286 | D:4      | Gained mutation: You have large cloven feet. [potion of
                  | mutation]
  3286 | D:4      | Gained mutation: You are agile. (Dex +2) [potion of
                  | mutation]
  3286 | D:4      | Slain by Menkaure

Illustrated notes

Levels and vault maps discovered:
D:1:      lightli_arrival_windingriver, layout_basic
D:2:      layout_rooms, nicolae_ashenzari_panopticon, first_ration
D:3:      layout_basic, lemuel_doored_altar, guppyfry_early_lair_pool
D:4:      layout_loops_corners, grunt_temple_overflow_order_and_chaos_2,
          lemuel_crystal_altar, uniq_menkaure

Skill      XL: |  1  2  3  4  5  6 |
---------------+-------------------+-----
Maces & Flails | 3 4 5 6 |  6.0
Shields        | 4 5 |  5.5
Fighting       | |  3.2
Armour         | |  3.2

Action                   |  1- 3 |  4- 6 |  7- 9 || total
-------------------------+-------+-------+-------++-------
Melee: Flail             |   160 |   259 |     7 ||   426
  Use: Potion            |       |     2 |     1 ||     3
  Eat: Chunk             |     1 |     6 |       ||     7
Armor: Scale mail        |   128 |   130 |     3 ||   261
Dodge: Dodged            |    61 |    63 |     1 ||   125
Block: Kite shield       |   110 |   137 |       ||   247
